 Dungeon Crawl Stone Soup version 0.29-a0-643-ga013cefcf8 (webtiles) character file.

Game seed: 5259360608522608996

16553 Sabo the Severer (level 12, -5/112 HPs)
             Began as a Hill Orc Fighter on June 19, 2022.
             Was a Believer of Ashenzari.
             Slain by a catoblepas (13 damage)
             ... on level 12 of the Dungeon.
             The game lasted 01:18:17 (15466 turns).

Sabo the Severer (Hill Orc Fighter)                Turns: 15466, Time: 01:18:17

Health: -5/112     AC: 15    Str: 22    XL:     12   Next: 38%
Magic:  0/21       EV: 16    Int: 10    God:    Ashenzari [**....]
Gold:   712        SH:  2    Dex: 10    Spells: 11/11 levels left

rFire   . . .      SeeInvis +   a - +6 war axe (elec)
rCold   . . .      Faith    .   n - orb of Curses and Power {light, Cun, Melee} (curse)
rNeg    . . .      Spirit   +   B - +3 steam dragon scales
rPois   .          Reflect  .   m - +0 helmet of Ashenzari's Ennui {Melee, Elem} (curse)
rElec   .          Harm     .   (no cloak)
rCorr   .          Rampage  .   s - +0 pair of gloves
Will    .....                   (no boots)
Stlth   ++........              y - amulet of Ashenzari's Loss {Spirit, Range, Fort} (curse)
HPRegen 0.28/turn               v - ring of the Octopus King {Wiz HP+2 AC+2 EV+2 SH+2, Cun, Fort} (curse)
MPRegen 0.17/turn               w - ring of magical power

@: glowing, studying Stealth
A: no striking features
a: Renounce Religion, Curse Item, Shatter the Chains


You were on level 12 of the Dungeon.
You worshipped Ashenzari.
Ashenzari was pleased with you.
You visited 1 branch of the dungeon, and saw 12 of its levels.

You collected 762 gold pieces.
You spent 50 gold pieces at shops.

Inventory:

Hand Weapons
 a - a +6 war axe of electrocution (weapon)
 b - a +5 battleaxe of freezing
 c - a +4 mace
 k - the +4 hand crossbow of Romeg {penet, rCorr Int+2 Stlth+}
   (You found it on level 4 of the Dungeon)

   Any ammunition fired by it passes through the targets it hits, potentially
   hitting all targets in its path until it reaches maximum range.
   Int:       It affects your intelligence (+2).
   rCorr:     It protects you from acid and corrosion.
   Stlth:     It makes you more stealthy.
 I - a +6 halberd of freezing
Missiles
 t - 54 poisoned darts (quivered)
 M - 5 curare-tipped darts
 N - 5 atropa-tipped darts
Armour
 m - the cursed +0 helmet of Ashenzari's Ennui (worn) {Melee, Elem}
   (You took it off Robin on level 4 of the Dungeon)

   It has a curse which improves the following skills: Melee Combat: Short
   Blades, Long Blades, Axes, Maces & Flails, Polearms, Staves and Unarmed
   Combat.
   Elements:  Fire Magic, Ice Magic, Air Magic and Earth Magic.
 n - the cursed orb of Curses and Power (worn) {light, Cun, Melee}
   (You found it on level 3 of the Dungeon)

   It has a curse which improves the following skills: Cunning: Dodging and
   Stealth.
   Melee Combat: Short Blades, Long Blades, Axes, Maces & Flails, Polearms,
   Staves and Unarmed Combat.
 s - a +0 pair of gloves (worn)
 B - +3 steam dragon scales (worn)
 L - a +2 hat of see invisible
Jewellery
 j - a ring of willpower
 v - a cursed ring of the Octopus King (left hand) {Wiz HP+2 AC+2 EV+2 SH+2, Cun, Fort}
   (You took it off an orc wizard on level 7 of the Dungeon)

   [ring of wizardry]

   It improves your spell success rate.
   AC:        It affects your AC (+2).
   EV:        It affects your evasion (+2).
   HP:        It affects your health (+2).
   SH:        It affects your SH (+2).
   It has a curse which improves the following skills: Cunning: Dodging and
   Stealth.
   Fortitude: Armour and Shields.
 w - a ring of magical power (right hand)
 y - the cursed amulet of Ashenzari's Loss (around neck) {Spirit, Range, Fort}
   (You found it on level 4 of the Dungeon)

   [amulet of guardian spirit]

   It causes incoming damage to be divided between your reserves of health and
   magic.
   It has a curse which improves the following skills: Ranged Combat: Slings,
   Bows, Crossbows and Throwing.
   Fortitude: Armour and Shields.
 J - a ring of protection from cold
Wands
 z - a wand of quicksilver (9)
 G - a wand of iceblast (13)
 H - a wand of flame (12)
 O - a wand of digging (7)
Scrolls
 f - a scroll of fear
 g - 2 scrolls of blinking
 l - a scroll of summoning
 o - 7 scrolls of poison
 p - a scroll of brand weapon
 q - 2 scrolls of magic mapping
 r - 3 scrolls of teleportation
 x - 3 scrolls of fog
 A - a scroll of silence
Potions
 d - 4 potions of might
 e - 4 potions of resistance
 h - 3 potions of heal wounds
 i - 5 potions of curing
 u - 2 potions of mutation
 C - 4 potions of flight
 D - a potion of haste
 E - a potion of magic
 K - a potion of cancellation
Miscellaneous
 F - a tin of tremorstones (2/2)


   Skills:
 + Level 11.3 Fighting
 + Level 17.5(19.3) Axes
 + Level 0.6(1.2) Crossbows
 + Level 1.8(2.7) Throwing
 + Level 8.5(10.5) Armour
 + Level 5.6(7.5) Dodging
 + Level 5.4(7.3) Stealth
 + Level 4.3(6.1) Shields


You had 11 spell levels left.
You didn't know any spells.
Your spell library contained the following spells:

 Spells                   Type           Power      Damage    Failure   Level
 Necrotize                Necr           0%         1d4       16%         1
 Sting                    Tmut/Pois      0%         1d3       16%         1
 Ensorcelled Hibernation  Hex/Ice        0%         N/A       22%         2
 Passwall                 Tmut/Erth      0%         N/A       22%         2
 Poisonous Vapours        Pois/Air       0%         N/A       22%         2
 Scorch                   Fire           0%         2d5       22%         2
 Ozocubu's Armour         Ice            0%         N/A       38%         3
 Swiftness                Air            0%         N/A       38%         3
 Ignite Poison            Fire/Tmut/Pois 0%         N/A       41%         3
 Mephitic Cloud           Conj/Pois/Air  0%         N/A       41%         3
 Vampiric Draining        Necr           0%         2d6       41%         3
 Airstrike                Air            0%         N/A       78%         4
 Flame Wave               Conj/Fire      0%         2d4       80%         4
 Olgreb's Toxic Radiance  Pois           0%         N/A       80%         4
 Summon Lightning Spire   Summ/Air       0%         N/A       80%         4
 Agony                    Necr           0%         N/A       98%         5
 Freezing Cloud           Conj/Ice/Air   0%         6-21      98%         5
 Lightning Bolt           Conj/Air       0%         1d11      98%         5
 Metabolic Englaciation   Hex/Ice        0%         N/A       98%         5
 Simulacrum               Ice/Necr       0%         N/A       100%        6
 Summon Cactus Giant      Summ           0%         N/A       100%        6


Dungeon Overview and Level Annotations

Branches:
Dungeon (12/15)            Temple (0/1) D:7            Lair (0/6) D:8
    Orc (0/2) D:11

Altars:
Ashenzari
Ru
Trog
Wu Jian

Shops:
D:3 *


Message History

The enormous slime creature hits you!!!
* * * LOW HITPOINT WARNING * * *
The enormous slime creature is engulfed in calcifying dust.
The enormous slime creature stops moving altogether!
The enormous slime creature is engulfed in calcifying dust. x2
The catoblepas breathes a plume of calcifying dust at you.
The blast of calcifying dust hits the enormous slime creature!
The blast of calcifying dust hits you.
* * * LOW HITPOINT WARNING * * *
You turn to flesh and can move again.
The helpless enormous slime creature fails to defend itself.
You carve the enormous slime creature like a ham!!!
Lightning courses through the enormous slime creature!
The enormous slime creature is almost dead.
You are engulfed in calcifying dust.
The helpless enormous slime creature fails to defend itself.
You slice the enormous slime creature!!
The enormous slime creature is almost dead.
You are engulfed in calcifying dust.
The enormous slime creature is engulfed in calcifying dust.
The helpless enormous slime creature fails to defend itself.
You slice the enormous slime creature!!
The enormous slime creature is almost dead.
You are engulfed in calcifying dust.
The helpless enormous slime creature fails to defend itself.
You slice the enormous slime creature!!
You kill the enormous slime creature!
You are engulfed in calcifying dust.
Found a +4 ring of protection.
The catoblepas gores you!!
* * * LOW HITPOINT WARNING * * *
You hit the catoblepas but do no damage.
The catoblepas closely misses you.
You hit the catoblepas.
The catoblepas is lightly wounded.
The catoblepas breathes a plume of calcifying dust at you.
The blast of calcifying dust hits you but does no damage.
You slash the catoblepas!
The catoblepas is lightly wounded.
You are engulfed in calcifying dust.
The catoblepas gores you!
You die...

#......###.....#
*
#......##...>.<#
* *,
####'####.##...#,
,# #.####.##...#,
, .= ,
#......##...# ...
#########...#
,..>. * *
#.#.#,.....,
#.###......
#..@YJ.....,*
#######+### *, **


You could see a catoblepas and a slime creature.

Vanquished Creatures
  Gastronok (D:11)
  Fannar (D:10)
  A hydra (D:7)
  3 two-headed ogres
  2 cyclopes
  A gargoyle (D:12)
  Joseph (D:10)
  Maggie (D:7)
  2 unseen horrors
  Psyche (D:8)
  A kobold demonologist (D:11)
  A queen bee (D:11)
  4 trolls
  A hornet (D:10)
  2 slime creatures (D:12)
  A wraith (D:10)
  2 water elementals (D:12)
  A shadow (D:9)
  11 yaks
  2 vampires (D:12)
  2 steam dragons
  An acid dragon (D:10)
  2 sky beasts
  2 ogres
  4 orc warriors (D:11)
  2 black bears
  An ice beast (D:7)
  4 phantoms
  6 centaurs
  4 kobold brigands
  A necrophage (D:7)
  A gnoll sergeant (D:9)
  2 bullfrogs
  3 scorpions
  11 wights
  12 killer bees (D:11)
  3 electric eels (D:12)
  2 howler monkeys
  A jelly (D:7)
  4 orc priests
  3 gnoll shamans
  4 hounds
  2 iguanas
  8 orc wizards
  Robin (D:4)
  9 adders
  19 gnolls
  A shadow imp (D:7)
  3 white imps
  2 ufetubi
  A dart slug (D:2)
  43 orcs
  8 ball pythons
  5 endoplasms
  2 giant cockroaches
  9 hobgoblins
  7 jackals
  14 kobolds
  7 quokkas
  8 bats
  7 frilled lizards
  14 goblins
285 creatures vanquished.

Vanquished Creatures (others)
  25 plants
25 creatures vanquished.

Grand Total: 310 creatures vanquished

Notes
Turn   | Place    | Note
-------+----------+-------------------------------------------
     0 | D:1      | Sabo the Hill Orc Fighter began the quest for the Orb.
     0 | D:1      | Reached XP level 1. HP: 19/19 MP: 1/1
    64 | D:1      | Reached XP level 2. HP: 7/27 MP: 2/2
   403 | D:1      | Reached skill level 3 in Axes
   662 | D:1      | Reached XP level 3. HP: 31/33 MP: 3/3
  1390 | D:2      | You fall into a shaft and drop 1 floor!
  1572 | D:2      | Reached XP level 4. HP: 32/40 MP: 4/4
  2496 | D:3      | Reached skill level 4 in Axes
  2818 | D:3      | Found Xycopy's General Store.
  2944 | D:3      | Bought a potion of heal wounds for 50 gold pieces
  3155 | D:3      | Reached XP level 5. HP: 42/47 MP: 5/5
  3410 | D:4      | Reached skill level 5 in Axes
  3794 | D:4      | Reached skill level 5 in Armour
  3794 | D:4      | Reached XP level 6. HP: 40/53 MP: 6/6
  4347 | D:4      | Identified the +4 hand crossbow of Romeg {penet, rCorr
                  | Int+2 Stlth+}
  4413 | D:4      | Noticed Robin
  4422 | D:4      | Killed Robin
  4423 | D:4      | Reached skill level 6 in Axes
  4423 | D:4      | Found a broken altar of Ashenzari.
  4458 | D:4      | Became a worshipper of Ashenzari the Shackled
  4858 | D:5      | Entered Level 5 of the Dungeon
  4874 | D:5      | Reached XP level 7. HP: 56/60 MP: 7/7
  5253 | D:5      | Reached skill level 7 in Axes
  5668 | D:5      | Found an ornate altar of the Wu Jian Council.
  5684 | D:5      | Found a sacrificial altar of Ru.
  5688 | D:5      | Reached skill level 5 in Fighting
  5952 | D:6      | Reached skill level 1 in Dodging
  5989 | D:6      | Reached skill level 8 in Axes
  5989 | D:6      | Reached XP level 8. HP: 66/68 MP: 8/8
  6170 | D:6      | Reached * piety under Ashenzari
  6235 | D:6      | Reached skill level 9 in Axes
  6300 | D:6      | Reached skill level 1 in Throwing
  6755 | D:7      | Reached skill level 10 in Axes
  6792 | D:7      | Reached XP level 9. HP: 70/78 MP: 9/9
  6850 | D:7      | Reached skill level 1 in Stealth
  6900 | D:7      | Reached skill level 11 in Axes
  7004 | D:7      | Found the ring of the Octopus King {Wiz HP+2 AC+2 EV+2
                  | SH+2}
  7562 | D:7      | Noticed a five-headed hydra
  7575 | D:7      | Killed an 11-headed hydra
  7576 | D:7      | Reached skill level 12 in Axes
  7578 | D:7      | Reached XP level 10. HP: 48/88 MP: 8/10
  7744 | D:7      | Reached ** piety under Ashenzari
  7807 | D:7      | Noticed Maggie
  7821 | D:7      | Killed Maggie
  8197 | D:7      | Found a staircase to the Ecumenical Temple.
  8574 | D:8      | Found a staircase to the Lair.
  8841 | D:8      | Reached skill level 13 in Axes
  9124 | D:8      | Noticed Psyche
  9134 | D:8      | Killed Psyche
  9261 | D:9      | Reached skill level 14 in Axes
  9389 | D:9      | Noticed a two-headed ogre
  9393 | D:9      | Noticed a two-headed ogre
  9397 | D:9      | Killed a two-headed ogre
  9406 | D:9      | Killed a two-headed ogre
  9407 | D:9      | Reached skill level 15 in Axes
  9407 | D:9      | Reached XP level 11. HP: 80/97 MP: 11/11
  9700 | D:9      | Found a bloodstained altar of Trog.
 10079 | D:10     | Entered Level 10 of the Dungeon
 10974 | D:10     | Noticed Joseph
 10985 | D:10     | Killed Joseph
 11362 | D:10     | Noticed Fannar
 11379 | D:10     | HP: 5/101 [Fannar/refrigeration (10)]
 11382 | D:10     | Killed Fannar
 11974 | D:11     | Noticed Gastronok
 11991 | D:11     | Killed Gastronok
 11992 | D:11     | Reached skill level 10 in Fighting
 11992 | D:11     | Reached skill level 16 in Axes
 12102 | D:11     | Noticed a two-headed ogre
 12112 | D:11     | Killed a two-headed ogre
 12367 | D:11     | Noticed a cyclops
 12378 | D:11     | Killed a cyclops
 12932 | D:11     | Found a staircase to the Orcish Mines.
 13012 | D:11     | Reached skill level 17 in Axes
 13049 | D:11     | Reached XP level 12. HP: 102/108 MP: 12/12
 13225 | D:11     | Reached skill level 5 in Dodging
 13949 | D:12     | Reached skill level 5 in Stealth
 15444 | D:12     | Noticed a catoblepas
 15466 | D:12     | Slain by a catoblepas

Illustrated notes

Levels and vault maps discovered:
D:1:      ncdulo_lavacross, layout_rooms,
          nicolae_concentric_dashed_squares_mild, st_stairs_5
D:2:      layout_basic, serial_forest, infiniplex_forest_end_1,
          infiniplex_forest_lined_room_, infiniplex_forest_straight_3,
          infiniplex_forest_3_way, infiniplex_forest_clump_cross,
          infiniplex_forest_pool, infiniplex_forest_lined_room_2,
          infiniplex_forest_clump_small, minmay_misc_feat_four_crosses,
          hangedman_abyss_or_decor_stabs, minmay_misc_feat_alley
D:3:      layout_loops_ring, serial_shops, shop, chequers_serial_rivers_marsh,
          chequers_decorated_corner, roderic_roman_lattice
D:4:      layout_loops_cross, overflow_temple_1_default, uniq_robin
D:5:      layout_cave_pods, nicolae_overflow_squiral
D:6:      layout_rooms, kennysheep_cross_bottleneck, serial_park_tiny_1
D:7:      minmay_the_grid_octo_tiled_octocenter [minmay_the_grid_octo_empty,
          minmay_the_grid_octo_concentric, minmay_the_grid_octo_fat_diamond,
          minmay_the_grid_octo_fan_narrow, minmay_the_grid_octo_prize_star,
          minmay_the_grid_square_5x5_broken_cross,
          minmay_the_grid_square_5x5_minibox, minmay_the_grid_square_5x5_tie,
          minmay_the_grid_square_5x5_minimal], layout_basic,
          minmay_temple_entry_large_hall, uniq_maggie
D:8:      layout_loops_cross, lair_entry_dummy, uniq_psyche
D:9:      layout_cave_pools, mainiacjoe_overflow_paths
D:10:     layout_layer_cave, nicolae_two_hexagons, uniq_fannar, uniq_joseph
D:11:     layout_stronghold, david_orc_4, nicolae_looking_at_the_future,
          uniq_gastronok
D:12:     layout_basic

Skill      XL: |  1  2  3  4  5  6  7  8  9 10 11 12 |
---------------+-------------------------------------+-----
Axes           | 3 4 5 6 8 10 12 15 17 | 17.5
Fighting       | 4 5 6 8 9 10 11 | 11.3
Armour         | 4 5 6 7 8 |  8.5
Dodging        | 1 2 3 4 5 |  5.6
Throwing       | 1 |  1.8
Stealth        | 1 2 4 5 |  5.4
Shields        | 4 |  4.3
Crossbows      | |  0.6

Action                   |  1- 3 |  4- 6 |  7- 9 | 10-12 || total
-------------------------+-------+-------+-------+-------++-------
Melee: War axe           |    92 |   123 |   163 |   345 ||   723
 Fire: Hand crossbow     |       |     7 |       |       ||     7
Throw: Dart              |       |       |     9 |     4 ||    13
Invok: Curse Item        |       |       |     2 |     2 ||     4
  Use: Scroll            |       |    10 |     7 |     1 ||    18
       Potion            |       |     2 |       |     4 ||     6
 Stab: Petrified         |       |       |       |     4 ||     4
Armor: Scale mail        |    68 |    45 |    99 |     3 ||   215
       Steam dragon scal |       |       |       |    97 ||    97
Dodge: Dodged            |    70 |    67 |   106 |   238 ||   481
Block: Buckler           |    22 |     5 |       |       ||    27
       Orb               |       |       |     3 |    17 ||    20

Table legend: (Time is in decaauts)
 A = Elapsed time spent in this place.
 B = Non-inter-level travel time spent in this place.
 C = Inter-level travel time spent in this place.
 D = Time resting spent in this place.
 E = Time spent auto-exploring this place.
 F = Levels seen in this place.
 G = Mean time per level.
                   A        B        C        D        E       F      G
               +--------+--------+--------+--------+--------+-----+--------+
         Total |  15471 |  15471 |      0 |   5062 |     14 |  12 | 1289.2 |
       Dungeon |  15471 |  15471 |      0 |   5062 |     14 |  12 | 1289.2 |
               +--------+--------+--------+--------+--------+-----+--------+

Top non-repeatable levels by time:
    D:11: 2008 daAuts
     D:7: 1804 daAuts
    D:10: 1760 daAuts
    D:12: 1569 daAuts
     D:4: 1506 daAuts
     D:2: 1502 daAuts
     D:5: 1091 daAuts
     D:3: 1027 daAuts
     D:1: 891 daAuts
     D:8: 806 daAuts
     D:6: 802 daAuts
     D:9: 700 daAuts
